 Dungeon Crawl Stone Soup version 0.29.1-13-g9f3cf754e1 (webtiles) character file.

Game seed: 12737445905598694241

70 Wobber the Caller (level 4, 0/46 HPs)
             Began as a Merfolk Summoner on Feb 11, 2023.
             Slain by a bat (1 damage)
             ... on level 3 of the Dungeon.
             The game lasted 00:07:16 (2060 turns).

Wobber the Caller (Merfolk Summoner)                Turns: 2060, Time: 00:07:16

Health: 0/46       AC:  2    Str:  8    XL:     4   Next: 21%
Magic:  1/7        EV: 13    Int: 16    God:
Gold:   158        SH:  0    Dex: 14    Spells: 4/8 levels left

rFire   . . .      SeeInvis .   c - +0 short sword
rCold   . . .      Faith    .   (no shield)
rNeg    . . .      Spirit   .   a - +0 robe
rPois   .          Reflect  .   (no helmet)
rElec   .          Harm     .   (no cloak)
rCorr   .          Rampage  .   (no gloves)
Will    .....                   (no boots)
Stlth   ..........              (no amulet)
HPRegen 0.15/turn               (no ring)
MPRegen 0.10/turn               (no ring)

@: berserking, flying, invisible, very quick
A: (nimble swimmer 2), mertail
a: no special abilities


You were on level 3 of the Dungeon.
You visited 1 branch of the dungeon, and saw 3 of its levels.

You collected 158 gold pieces.

Inventory:

Hand Weapons
 c - a +0 short sword (weapon)
Missiles
 f - 5 silver javelins
Armour
 a - a +0 robe (worn)
Scrolls
 d - 4 scrolls of identify {unknown}
 e - a scroll of poison {unknown}
 g - 2 scrolls of summoning {unknown}
 j - a scroll of fear {unknown}
 k - a scroll of enchant armour {unknown}
 l - a scroll of brand weapon {unknown}
Potions
 b - a potion of magic
 h - a potion of flight


   Skills:
 + Level 0.8 Fighting
 + Level 3.5 Dodging
 - Level 2.6 Stealth
 + Level 2.5 Spellcasting
 * Level 4.7 Summonings


You had 4 spell levels left.
You knew the following spells:

 Your Spells              Type           Power      Damage    Failure   Level
a - Summon Small Mammal   Summ           68%        N/A       2%          1
b - Call Canine Familiar  Summ           17%        N/A       9%          3

Your spell library contained the following spells:

 Spells                   Type           Power      Damage    Failure   Level
 Call Imp                 Summ           17%        N/A       4%          2
 Sting                    Tmut/Pois      8%         1d3       21%         1
 Summon Guardian Golem    Hex/Summ       9%         N/A       22%         3
 Poisonous Vapours        Pois/Air       4%         N/A       30%         2
 Summon Lightning Spire   Summ/Air       9%         N/A       58%         4
 Olgreb's Toxic Radiance  Pois           2%         N/A       89%         4


Dungeon Overview and Level Annotations

Branches:
Dungeon (3/15)

Altars:

Shops:
D:2 =


Innate Abilities, Weirdness & Mutations

((You are very nimble when in or above water. (Stealth+, EV+, Speed+++)))
Your lower body shifts to a powerful aquatic tail in water.


Message History

Your quokka dies!
Your quokka's corpse disappears in a puff of smoke!
Your rat bites the ball python.
The ball python dies!
The adder attacks as you move away! The adder barely misses you.
The bat hits you but does no damage. The adder barely misses you.
Your rat barely misses the jackal.
The adder attacks as you move away! The adder barely misses you.
The bat barely misses you. The bat attacks as you move away!
The bat misses you. The bat closely misses you.
The bat hits you but does no damage. The adder attacks as you move away!
The adder closely misses you. The bat closely misses you. The adder bites you.
* * * LOW HITPOINT WARNING * * *
You are poisoned.
The adder poisons you! The jackal completely misses you.
Your magical contamination has completely faded away.
The adder attacks as you move away! The adder bites you.
* * * LOW HITPOINT WARNING * * *
Found a viscous red potion.
You feel sick.
It was a potion of flight.
You feel very buoyant.
You fly up into the air.
You feel sick. The bat hits you but does no damage.
The adder bites you but does no damage.
Okay, then.
It was a potion of invisibility.
You fade into invisibility!
You feel sick. The adder bites you but does no damage.
It was a potion of berserk rage.
A red film seems to cover your vision as you go berserk!
You feel yourself moving faster!
You feel mighty!
You feel sick.
You are no longer poisoned.
The bat misses you. The bat hits you but does no damage.
The adder barely misses you. The adder bites you.
* * * LOW HITPOINT WARNING * * *
Your rat barely misses the jackal.
Found 13 gold pieces.
Found a stone staircase leading up.
You feel a strong urge to attack something.
The bat hits you.
You die...

#.# .... ....# #.# #.#.#
#...###.##...[..
#......<.#.#.#.#
#..####......?..
###..####..#......
#.#####.h...##...†......
.......[bhr.##.#.#.....#
.......@.S....$†.......(
.......###...#.#.#...#.#
....... #..........:.#.
...!..< #.#.#.#.#.#.#.#
$...... #..............
....... #####.#########
....... #.# ....... #.#
..#


You could see an adder (unable to see you), 2 jackals, a bat (ally target) and a
friendly rat (summoned).

Vanquished Creatures
  An adder (D:2)
  3 bats
  2 endoplasms (D:1)
  2 giant cockroaches
  A goblin (D:1)
  2 hobgoblins
  2 quokkas
  A frilled lizard (D:1)
  A rat (D:1)
15 creatures vanquished.

Vanquished Creatures (collateral kills)
  An adder (D:2)
  A dart slug (D:2)
  3 bats
  3 endoplasms
  A giant cockroach (D:1)
  2 goblins
  A hobgoblin (D:1)
  3 jackals (D:1)
  2 quokkas (D:1)
  2 ball pythons
  5 frilled lizards
  2 kobolds (D:1)
  5 rats
31 creatures vanquished.

Grand Total: 46 creatures vanquished

Notes
Turn   | Place    | Note
-------+----------+-------------------------------------------
     0 | D:1      | Wobber the Merfolk Summoner began the quest for the Orb.
     0 | D:1      | Reached XP level 1. HP: 13/13 MP: 3/3
    59 | D:1      | Reached XP level 2. HP: 13/19 MP: 1/5
   506 | D:1      | Reached XP level 3. HP: 18/24 MP: 2/6
  1670 | D:2      | Reached XP level 4. HP: 30/31 MP: 3/7
  1770 | D:2      | Found a faded altar of an unknown god.
  1809 | D:2      | Found Ydeecsoi's Jewellery Boutique.
  2024 | D:2      | Learned a level 3 spell: Call Canine Familiar
  2059 | D:3      | HP: 1/46 [adder (2)]
  2060 | D:3      | Slain by a bat

Illustrated notes

Levels and vault maps discovered:
D:1:      dpeg_arrival_rooms_a, layout_rooms, serial_bayou_crossing
D:2:      layout_basic, serial_shops, nicolae_diamond_shop,
          hellmonk_ecumenical_altar_run_dry, hangedman_decor_growths
D:3:      layout_rooms, xom_redecorated, serial_rivers,
          chequers_serial_rivers_small_b, chequers_serial_rivers_micro_a,
          chequers_serial_rivers_room_b, chequers_serial_rivers_small_a,
          gup_sewer_entry_bowl, hangedman_decor_riveting

Skill      XL: |  1  2 |
---------------+-------+-----
Dodging        | 3 |  3.5
Fighting       | |  0.8
Stealth        | |  2.6
Spellcasting   | |  2.5
Summonings     | |  4.7

Action                   |  1- 3 |  4- 6 || total
-------------------------+-------+-------++-------
Melee: Unarmed           |     3 |       ||     3
       Short sword       |    68 |    17 ||    85
       Punch             |     1 |       ||     1
 Cast: Summon Small Mamm |    52 |    14 ||    66
  Use: Potion            |       |     3 ||     3
 Stab: Distracted        |     1 |       ||     1
Armor: Robe              |    13 |    16 ||    29
Dodge: Dodged            |    81 |    43 ||   124
